 Dungeon Crawl Stone Soup version 0.28-a0-691-gad6df49e81 (webtiles) character file.

Game seed: 2125113575959456115

359 timneilson the Covered (level 6, -9/38 HPs)
             Began as a Gargoyle Fighter on Oct 21, 2021.
             Mangled by Terence (10 damage)
             ... on level 3 of the Dungeon.
             The game lasted 00:04:07 (2373 turns).

timneilson the Covered (Gargoyle Fighter)           Turns: 2373, Time: 00:04:07

Health: -9/38      AC: 16    Str: 22    XL:     6   Next: 65%
Magic:  6/6        EV:  8    Int:  8    God:
Gold:   63         SH:  5    Dex:  9    Spells: 5/5 levels left

rFire   . . .      SeeInvis .   a - +0 long sword
rCold   . . .      Faith    .   c - +1 buckler
rNeg    + . .      Spirit   .   g - +0 chain mail
rPois   ∞          Reflect  .   (no helmet)
rElec   +          Harm     .   k - +1 cloak {rCorr}
rCorr   +          Rampage  .   (no gloves)
Will    .....                   (no boots)
Stlth   ..........              (no amulet)
HPRegen 0.12/turn               (no ring)
MPRegen 0.10/turn               (no ring)

@: no status effects
A: sickness immunity, AC +4, negative energy resistance 1, electricity
resistance, torment resistance 1, petrification resistance
a: no special abilities


You were on level 3 of the Dungeon.
You visited 1 branch of the dungeon, and saw 3 of its levels.

You collected 63 gold pieces.

Inventory:

Hand Weapons
 a - a +0 long sword (weapon)
Armour
 c - a +1 buckler (worn)
 g - a +0 chain mail (worn)
 k - a +1 cloak of preservation (worn)
 l - a +0 plate armour
Scrolls
 f - 3 scrolls of identify
 j - a scroll of brand weapon {unknown}
Potions
 b - a potion of berserk rage {unknown}
 d - a potion of might
 e - a potion of invisibility {unknown}
 i - a potion of flight {unknown}


   Skills:
 + Level 4.1 Fighting
 * Level 3.3 Long Blades
 * Level 5.0 Armour
 + Level 1.4 Dodging
 * Level 4.9 Shields


You had 5 spell levels left.
You didn't know any spells.
Your spell library contained the following spells:

 Spells                   Type           Power      Damage    Failure   Level
 Fireball                 Conj/Fire      0%         3d3       100%        5
 Iskenderun's Battlesphe  Conj           0%         2d6       100%        5
 Conjure Ball Lightning   Conj/Air       0%         3x3d6     100%        6
 Orb of Destruction       Conj           0%         N/A       100%        7


Dungeon Overview and Level Annotations

Branches:
Dungeon (3/15)

Altars:

Annotations:
D:3 Jessica, Terence


Innate Abilities, Weirdness & Mutations

You are immune to sickness and miasma.
Your stone body is resilient. (AC +4)
You are immune to poison.
You resist negative energy. (rN+)
You are resistant to electric shocks. (rElec)
You are resistant to unholy torment.
You are immune to petrification.


Message History

The shadow imp picks up a beetle and eats it.
The shadow imp disappears in a puff of smoke!
Natasha stares at you and mumbles some strange words.
The magic dart hits you but does no damage.
Natasha casts a spell at you.
The magic dart hits you but does no damage.
You block Natasha's attack.
You hit Natasha.
Natasha is lightly wounded.
Natasha claws you.
You closely miss Natasha.
Natasha is lightly wounded.
Natasha claws you!
* * * LOW HITPOINT WARNING * * *
Natasha closely misses you.
Unknown command.
You slash Natasha!
Natasha is severely wounded.
Jessica shouts, "I don't like beings like you!"
Jessica mumbles some strange words.
Jessica blinks!
You block Natasha's attack.
You hit Natasha.
You kill Natasha!
You hear a faint echoing roar filled with hate and sorrow!
You block Terence's attack.
Jessica casts a spell.
Jessica blinks!
Your Armour skill increases to level 5!
Jessica mumbles some strange words.
Jessica blinks!
Jessica closely misses you.
You barely miss Jessica. Jessica barely misses you.
Terence hits you but does no damage.
You closely miss Jessica. Jessica hits you but does no damage.
Terence hits you with a +5 vorpal flail.
* * * LOW HITPOINT WARNING * * *
x2 Unknown command.
You barely miss Jessica. Jessica hits you but does no damage.
Terence hits you with a +5 vorpal flail!
You die...

..####.#.#(# #.#
.......#.#5# #h#
........<#h# #.#
......##.#@# #.#
.........#.# #.#
#.########@# #.#
..o@)@h5.o5# #.#
##.###################.#
##..###......(.@@@o†g..#
....##...###############
..o.........>...
..g..#.........#
...#......##.###
...##.....# ..
.....(....# ##
..........# ..........#


You could see Terence, Jessica, an orc and a hobgoblin.

Vanquished Creatures
  Sigmund (D:2)
  A necrophage (D:3)
  Crazy Yiuf (D:2)
  Natasha (D:3)
  2 adders
  A worm (D:2)
  3 orcs (D:3)
  6 bats
  2 endoplasms (D:2)
  3 giant cockroaches
  4 goblins
  5 hobgoblins
  6 kobolds
  2 quokkas (D:1)
  6 frilled lizards
  A rat (D:1)
45 creatures vanquished.

Notes
Turn   | Place    | Note
-------+----------+-------------------------------------------
     0 | D:1      | timneilson the Gargoyle Fighter began the quest for the
                  | Orb.
     0 | D:1      | Reached XP level 1. HP: 14/14 MP: 1/1
   292 | D:1      | Reached XP level 2. HP: 13/19 MP: 2/2
  1204 | D:2      | Reached XP level 3. HP: 19/23 MP: 3/3
  1298 | D:2      | Noticed Sigmund
  1307 | D:2      | Killed Sigmund
  1308 | D:2      | Reached skill level 4 in Armour
  1308 | D:2      | Reached skill level 1 in Dodging
  1308 | D:2      | Reached XP level 4. HP: 21/29 MP: 4/4
  1308 | D:2      | Reached XP level 5. HP: 24/33 MP: 5/5
  2039 | D:2      | Found a runed translucent door.
  2040 | D:2      | Noticed Crazy Yiuf
  2048 | D:2      | Killed Crazy Yiuf
  2049 | D:2      | Reached XP level 6. HP: 34/38 MP: 6/6
  2109 | D:3      | Noticed a necrophage
  2109 | D:3      | Noticed an ice beast
  2154 | D:3      | Killed a necrophage
  2258 | D:3      | Noticed Terence
  2312 | D:3      | Noticed Natasha
  2313 | D:3      | Noticed Jessica
  2368 | D:3      | Killed Natasha
  2369 | D:3      | Reached skill level 5 in Armour
  2372 | D:3      | HP: 1/38 [Terence (2)]
  2373 | D:3      | Mangled by Terence

Illustrated notes

Levels and vault maps discovered:
D:1:      lightli_arrival_isolated_outpost, layout_loops_corners
D:2:      layout_loops_ring, kennysheep_big_empty_room, uniq_crazy_yiuf_cottage,
          uniq_sigmund
D:3:      layout_basic, basic_ecumenical_altar, kennysheep_decorative_pillar,
          uniq_natasha, uniq_jessica, uniq_terence

Skill      XL: |  1  2  3  4  5  6 |
---------------+-------------------+-----
Long Blades    | 2 3 |  3.3
Armour         | 4 5 |  5.0
Dodging        | 1 |  1.4
Shields        | 4 |  4.9
Fighting       | 4 |  4.1

Action                   |  1- 3 |  4- 6 || total
-------------------------+-------+-------++-------
Melee: Long sword        |    62 |   104 ||   166
  Use: Scroll            |     3 |       ||     3
       Potion            |     1 |     2 ||     3
Armor: Scale mail        |    35 |     2 ||    37
       Chain mail        |       |   104 ||   104
Dodge: Dodged            |    31 |    59 ||    90
Block: Buckler           |    12 |    55 ||    67

Table legend: (Time is in decaauts)
 A = Elapsed time spent in this place.
 B = Non-inter-level travel time spent in this place.
 C = Inter-level travel time spent in this place.
 D = Time resting spent in this place.
 E = Time spent auto-exploring this place.
 F = Levels seen in this place.
 G = Mean time per level.
                   A        B        C        D        E       F      G
               +--------+--------+--------+--------+--------+-----+--------+
         Total |   2421 |   2373 |     48 |      0 |   1799 |   3 |  807.0 |
       Dungeon |   2421 |   2373 |     48 |      0 |   1799 |   3 |  807.0 |
               +--------+--------+--------+--------+--------+-----+--------+

Top non-repeatable levels by time:
     D:1: 1213 daAuts
     D:2: 895 daAuts
     D:3: 313 daAuts
